 Dungeon Crawl Stone Soup version 0.28.0-43-g3370ac3207 (webtiles) character file.

Game seed: 2281261782487455201

4 Kaiern the Magician (level 1, 15/15 HPs)
             Began as a Djinni Fire Elementalist on Mar 15, 2022.
             Quit the game on level 1 of the Dungeon on Mar 16, 2022.
             The game lasted 00:02:01 (200 turns).

Kaiern the Magician (Djinni Fire Elementalist)       Turns: 200, Time: 00:02:01

Health: 15/15      AC:  2    Str:  7    XL:     1   Next: 66%
Gold:   5          EV: 12    Int: 16    God:
                   SH:  0    Dex: 13

rFire   + + .      SeeInvis .   (no weapon)
rCold   x . .      Faith    .   (no shield)
rNeg    . . .      Spirit   .   a - +0 robe
rPois   ∞          Reflect  .   (no helmet)
rElec   .          Harm     .   (no cloak)
rCorr   .          Rampage  .   (no gloves)
Will    .....                   (boots unavailable)
Stlth   ++........              (no amulet)
HPRegen 0.05/turn               (no ring)
MPRegen 0.00/turn               (no ring)

@: flying
A: sickness immunity, fire resistance 2, cold vulnerability 1, float, innate
caster, HP casting, extra vitality 1
a: no special abilities


You were on level 1 of the Dungeon.
You visited 1 branch of the dungeon, and saw 1 of its levels.

You collected 5 gold pieces.

Inventory:

Armour
 a - a +0 robe (worn)
Scrolls
 b - a scroll of blinking {unknown}


   Skills:
 + Level 2.2 Dodging
 - Level 1.5 Stealth
 + Level 2.6 Spellcasting


You couldn't memorise any spells.
You knew the following spells:

 Your Spells              Type           Power      Damage    Failure   Level
a - Foxfire               Conj/Fire      40%        2x1d6     7%          1
b - Scorch                Fire           20%        2d6       10%         2
c - Conjure Flame         Conj/Fire      10%        6-21      21%         3
d - Inner Flame           Hex/Fire       10%        N/A       21%         3
e - Flame Wave            Conj/Fire      10%        2d5       54%         4
Your spell library was empty.

Dungeon Overview and Level Annotations

Branches:
Dungeon (1/15)

Altars:


Innate Abilities, Weirdness & Mutations

You are immune to sickness and miasma.
You are immune to poison.
Your flesh is very heat resistant. (rF++)
You are vulnerable to cold. (rC-)
You float through the air rather than walking.
You learn spells naturally, not from books.
Your magical power is your life essence.
You have superior vitality. (+4 MHP)


Message History

A rat comes into view.
Found 18 stones.
You see here a scroll labelled MUCAXU PO YNK.
Cast which spell? (? or * to list)
You conjure some foxfire!
The foxfire hits the rat.
You kill the rat!
b - a scroll labelled MUCAXU PO YNK You see here a rat corpse.
Found a stone staircase leading down.
A ball python comes into view.
Casting: Foxfire (safe; 8% risk of failure)
Confirm with . or Enter, or press ? or * to list all spells.
You conjure some foxfire!
The foxfire hits the ball python.
The ball python is severely wounded.
The ball python hisses angrily.
The foxfire hits the ball python.
You kill the ball python!
You start resting.
A dart slug comes into view.
Casting: Foxfire (safe; 7% risk of failure)
Confirm with . or Enter, or press ? or * to list all spells.
You conjure some foxfire!
The foxfire hits the dart slug.
The dart slug is heavily wounded.
Your foxfire dissipates!
Casting: Foxfire (safe; 7% risk of failure)
Confirm with . or Enter, or press ? or * to list all spells.
You conjure some foxfire!
The foxfire hits the dart slug.
The dart slug is almost dead.
The foxfire hits the dart slug.
You kill the dart slug!
You start resting.
HP restored.
Saving game... please wait.
Welcome back, Kaiern the Djinni Fire Elementalist.
Press ? for a list of commands and other information.
Are you sure you want to abandon this character and quit the game? (Confirm with "yes".)

#..##..♣♣ ..#
...#..♣♣ #...#
#.#..♣♣ #...> ..#.♣♣
♣.#... #...♣ +..###
## #.#.♣♣ ♣..# ..
#.#..♣♣ #..###.#
......♣♣ ##.....#
#####..♣♣ ♣..@#§####
#
##...♣♣♣♣♣♣......†.#
#...............##...
##.###..#####.### ###
#.### #.# ##...## #.#
#.....###..
#..........
########.....#####


There were no monsters in sight!

Vanquished Creatures
  A dart slug (D:1)
  A ball python (D:1)
  A rat (D:1)
3 creatures vanquished.

Vanquished Creatures (others)
  7 foxfires (D:1)
7 creatures vanquished.

Grand Total: 10 creatures vanquished

Notes
Turn   | Place    | Note
-------+----------+-------------------------------------------
     0 | D:1      | Kaiern the Djinni Fire Elementalist began the quest for the
                  | Orb.
     0 | D:1      | Reached XP level 1. HP: 15/15 MP: 0/0
   200 | D:1      | Quit the game

Illustrated notes

Levels and vault maps discovered:
D:1:      minmay_arrival_stair_chambers, layout_loops_ring,
          dilly_ecumenical_altar_fadedgnrine

Action                   || total
-------------------------++-------
 Cast: Foxfire           ||     4
